[Event "1000GM Spring IM-D 2024"]
[Site "New York"]
[Date "2024.03.29"]
[Round "3.5"]
[White "Zaderman, Vitaly"]
[Black "Shangin, Lev"]
[Result "1/2-1/2"]
[ECO "E40"]
[WhiteElo "2177"]
[BlackElo "1994"]
[Annotator "RC"]
[PlyCount "93"]
[EventDate "2024.03.26"]
[EventType "tourn"]
[EventCountry "USA"]
[SourceTitle "playchess.com"]
[Source "ChessBase"]
[SourceQuality "1"]
[TimeControl "5400+30"]

1. d4 Nf6 2. c4 e6 3. Nc3 Bb4 4. e3 d5 5. a3 Be7 6. cxd5 exd5 7. Bd3 O-O 8. Nge2 Re8 9. O-O Bf8 10. f3 c5 11. Kh1 Nc6 12. Bd2 cxd4 13. exd4 b6 14. Rc1 Bd7 15. Ba6 Bc8 16. Bb5 Bd7 17. Bg5 a6 18. Ba4 Ne7 19. Bxf6 Bxa4 20. Qxa4 gxf6 21. Qb3 Nf5 22. f4 Rc8 23. Qxd5 Qxd5 24. Nxd5 Kg7 25. Ng3 Nxg3+ 26. hxg3 Rcd8 27. Nxb6 Rxd4 28. Rfd1 Rxd1+ 29. Rxd1 Re2 30. b4 Re3 31. Nd7 Rxa3 32. Nxf8 Kxf8 33. Rb1 Rxg3 34. Kh2 Ra3 35. b5 axb5 36. Rxb5 Kg7 37. g4 Rf3 38. Rf5 Kg6 39. Kg2 Ra3 40. Kf2 Ra4 41. Kf3 Ra1 42. Kf2 Ra8 43. Kg3 Ra2 44. Kf3 Rh2 45. Kg3 Ra2 46. Kf3 Ra1 47. Kg2 1/2-1/2

[Event "1000GM Spring IM-D 2024"]
[Site "New York"]
[Date "2024.03.29"]
[Round "3.6"]
[White "Espinosa, Pedro"]
[Black "Jakovljevic, Vlado"]
[Result "0-1"]
[ECO "D45"]
[WhiteElo "2229"]
[BlackElo "2356"]
[Annotator "RC"]
[PlyCount "90"]
[EventDate "2024.03.26"]
[EventType "tourn"]
[EventCountry "USA"]
[SourceTitle "playchess.com"]
[Source "ChessBase"]
[SourceQuality "1"]
[TimeControl "5400+30"]

1. d4 Nf6 2. c4 e6 3. Nf3 d5 4. Nc3 c6 5. e3 Nbd7 6. Be2 Bd6 7. O-O O-O 8. b3 b6 9. Bb2 Bb7 10. Bd3 Re8 11. h3 Rc8 12. Rc1 Qe7 13. Re1 c5 14. cxd5 exd5 15. Bf5 Rcd8 16. Re2 Ne4 17. dxc5 Nxc3 18. Bxc3 bxc5 19. Bd3 Bb8 20. Rd2 h6 21. Bf1 Rc8 22. Rdc2 a6 23. Bb2 Ba7 24. g3 Nf6 25. Bg2 Ne4 26. Ne5 Rcd8 27. Qg4 Nf6 28. Qa4 Rc8 29. Nd3 d4 30. Bxb7 Qxb7 31. Nxc5 Bxc5 32. Rxc5 Rxc5 33. Rxc5 dxe3 34. Bxf6 Re6 35. Bc3 exf2+ 36. Kxf2 Qh1 37. Be5 Qh2+ 38. Kf3 Qxh3 39. Qg4 Qf1+ 40. Ke4 Qe1+ 41. Kd4 Rxe5 42. Qc8+ Re8 43. Qxa6 Rd8+ 44. Rd5 Qd2+ 45. Qd3 Rxd5+ 0-1

[Event "1000GM Spring IM-D 2024"]
[Site "New York"]
[Date "2024.03.29"]
[Round "3.7"]
[White "Polyik, Peter"]
[Black "Ho, Cooper"]
[Result "1-0"]
[ECO "D31"]
[WhiteElo "2295"]
[BlackElo "2004"]
[Annotator "RC"]
[PlyCount "59"]
[EventDate "2024.03.26"]
[EventType "tourn"]
[EventCountry "USA"]
[SourceTitle "playchess.com"]
[Source "ChessBase"]
[SourceQuality "1"]
[TimeControl "5400+30"]

1. d4 d5 2. c4 e6 3. Nc3 c6 4. Nf3 dxc4 5. e3 b5 6. a4 Bb4 7. Bd2 a5 8. Qb1 Bxc3 9. bxc3 Bd7 10. Be2 Ne7 11. O-O f6 12. e4 O-O 13. Bf4 Be8 14. Ra2 Qd7 15. Bxb8 Rxb8 16. Bxc4 Bh5 17. axb5 Bxf3 18. gxf3 cxb5 19. Rb2 Ng6 20. Rxb5 Rbc8 21. Qa2 Rxc4 22. Qxc4 Nf4 23. Kh1 Rc8 24. Rc5 Rxc5 25. Qxc5 e5 26. Qc4+ Kh8 27. Rb1 h5 28. Rb8+ Kh7 29. Qc8 Qa7 30. Rb7 1-0

[Event "1000GM Spring IM-D 2024"]
[Site "New York"]
[Date "2024.03.29"]
[Round "3.8"]
[White "Khodzhamkuliev, Bahadur"]
[Black "Mou, Iris"]
[Result "1-0"]
[ECO "A09"]
[WhiteElo "2159"]
[BlackElo "2216"]
[Annotator "RC"]
[PlyCount "96"]
[EventDate "2024.03.26"]
[EventType "tourn"]
[EventCountry "USA"]
[SourceTitle "playchess.com"]
[Source "ChessBase"]
[SourceQuality "1"]
[TimeControl "5400+30"]

1. Nf3 d5 2. c4 d4 3. d3 Nc6 4. g3 e5 5. Bg2 Bb4+ 6. Bd2 a5 7. O-O Nf6 8. Bxb4 axb4 9. Nbd2 Qe7 10. a3 bxa3 11. Qb3 O-O 12. Rxa3 Rxa3 13. Qxa3 Qxa3 14. bxa3 Nd7 15. Ne1 Nc5 16. Nc2 Re8 17. Bxc6 bxc6 18. f3 Na4 19. Kf2 Nc3 20. Ne4 Bh3 21. Ra1 Nxe4+ 22. fxe4 Rb8 23. a4 Bc8 24. a5 Ba6 25. Na3 c5 26. Rb1 Rb4 27. Ke1 Kf8 28. Rxb4 cxb4 29. Nb5 c5 30. Nc7 Bb7 31. a6 Bc6 32. a7 Ke7 33. a8=Q Bxa8 34. Nxa8 Kd6 35. Nb6 h5 36. h4 Kc6 37. Nd5 Kb7 38. e3 Ka6 39. exd4 exd4 40. Kd2 Ka5 41. Kc2 Ka6 42. Kb3 Ka5 43. Nf4 g6 44. e5 Kb6 45. e6 fxe6 46. Nxg6 Kc6 47. Nf4 Kd6 48. Nxh5 Ke5 1-0

[Event "1000GM Spring IM-D 2024"]
[Site "New York"]
[Date "2024.03.29"]
[Round "3.9"]
[White "Bonin, Jay"]
[Black "Ho, Carter"]
[Result "1-0"]
[ECO "E11"]
[WhiteElo "2154"]
[BlackElo "2108"]
[Annotator "RC"]
[PlyCount "71"]
[EventDate "2024.03.26"]
[EventType "tourn"]
[EventCountry "USA"]
[SourceTitle "playchess.com"]
[Source "ChessBase"]
[SourceQuality "1"]
[TimeControl "5400+30"]

1. d4 Nf6 2. Nf3 d5 3. c4 e6 4. g3 Bb4+ 5. Bd2 Be7 6. Bg2 O-O 7. Qc2 c6 8. O-O Nbd7 9. Bg5 h6 10. Bxf6 Nxf6 11. Nbd2 b6 12. Rfd1 Ba6 13. Rac1 Rc8 14. Qb1 c5 15. dxc5 bxc5 16. e3 Qb6 17. h3 Rfd8 18. Ne5 Qb8 19. Nd3 Rd7 20. e4 dxe4 21. Nxe4 Nxe4 22. Bxe4 Rd4 23. Re1 Bxc4 24. Ne5 Bb5 25. Bh7+ Kf8 26. Nxf7 Bf6 27. Nxh6 Qd6 28. Ng4 Bd3 29. Bxd3 Rxd3 30. Kh2 c4 31. Re4 Qd5 32. Rce1 Rc6 33. Qc2 c3 34. bxc3 Bxc3 35. Rxe6 Rd2 36. Re8+ 1-0

[Event "1000GM Spring IM-D 2024"]
[Site "New York"]
[Date "2024.03.29"]
[Round "4.1"]
[White "Lapshun, Yury"]
[Black "Cherukuri, Nitesh"]
[Result "1-0"]
[ECO "E94"]
[WhiteElo "2332"]
[BlackElo "2000"]
[Annotator "RC"]
[PlyCount "107"]
[EventDate "2024.03.26"]
[EventType "tourn"]
[EventCountry "USA"]
[SourceTitle "playchess.com"]
[Source "ChessBase"]
[SourceQuality "1"]
[TimeControl "5400+30"]

1. d4 Nf6 2. c4 g6 3. Nc3 Bg7 4. e4 d6 5. Be2 O-O 6. Nf3 e5 7. O-O exd4 8. Nxd4 Re8 9. f3 c6 10. Kh1 d5 11. cxd5 cxd5 12. Bg5 Nc6 13. Nxc6 bxc6 14. exd5 cxd5 15. Bb5 Rf8 16. Bc6 Rb8 17. Nxd5 Ba6 18. Re1 Ng4 19. Ne7+ Qxe7 20. Rxe7 Nf2+ 21. Kg1 Nxd1 22. Rxd1 Rfd8 23. Rxd8+ Rxd8 24. Be3 Bxb2 25. Rxa7 Rd1+ 26. Kf2 Bc4 27. a4 h5 28. Rd7 Rf1+ 29. Kg3 Be5+ 30. f4 Bf6 31. Bd5 Bxd5 32. Rxd5 Ra1 33. a5 Bc3 34. Bb6 Ra3 35. Kf2 Kg7 36. h3 Kf6 37. Ke2 Ke6 38. Rb5 Kf6 39. g4 hxg4 40. hxg4 Ke6 41. Kd1 Ra2 42. Kc1 f5 43. Kb1 Ra1+ 44. Kc2 Bg7 45. g5 Bf8 46. Bd4 Ra2+ 47. Bb2 Ra4 48. Kb3 Rxf4 49. a6 Rf3+ 50. Ka4 Rf4+ 51. Ka5 Be7 52. Re5+ Kf7 53. Rxe7+ Kxe7 54. a7 1-0

[Event "1000GM Spring IM-D 2024"]
[Site "New York"]
[Date "2024.03.29"]
[Round "4.2"]
[White "Fedorowicz, John"]
[Black "Espinosa, Pedro"]
[Result "1-0"]
[ECO "B70"]
[WhiteElo "2372"]
[BlackElo "2229"]
[Annotator "RC"]
[PlyCount "111"]
[EventDate "2024.03.26"]
[EventType "tourn"]
[EventCountry "USA"]
[SourceTitle "playchess.com"]
[Source "ChessBase"]
[SourceQuality "1"]
[TimeControl "5400+30"]

1. e4 c5 2. Nf3 d6 3. d4 cxd4 4. Nxd4 Nf6 5. Nc3 Nc6 6. Be2 g6 7. O-O Bg7 8. Nb3 O-O 9. Bg5 a6 10. f4 b5 11. Bf3 Bb7 12. Kh1 b4 13. Nd5 a5 14. Nxf6+ exf6 15. Bh4 a4 16. Nc1 a3 17. bxa3 Rxa3 18. Rb1 Qc7 19. Bf2 Re8 20. Re1 Ba6 21. Qd5 Rc3 22. Qd1 Bc4 23. Nb3 Ra8 24. Ra1 Rd8 25. a3 Be6 26. axb4 Nxb4 27. Nd4 Bd7 28. Rb1 Na6 29. Ne2 Rc6 30. c4 Rc8 31. Nc3 Qd8 32. Nb5 Rb8 33. Ra1 Bc8 34. Na7 Rc7 35. e5 fxe5 36. fxe5 Nb4 37. exd6 Rxc4 38. Nxc8 Rbxc8 39. d7 Rb8 40. Re8+ Qxe8 41. dxe8=Q+ Rxe8 42. Rb1 Rec8 43. g3 Na2 44. Qd7 R4c7 45. Qd2 Rc2 46. Rb8 Bf8 47. Rxc8 Rxd2 48. Bc5 Kg7 49. Bxf8+ Kf6 50. h4 Rf2 51. Bg2 h5 52. Kg1 Rb2 53. Rc6+ Kf5 54. Bg7 Rb4 55. Rf6+ Kg4 56. Kh2 1-0

[Event "1000GM Spring IM-D 2024"]
[Site "New York"]
[Date "2024.03.29"]
[Round "4.3"]
[White "Yoo, Eugene"]
[Black "Khodzhamkuliev, Bahadur"]
[Result "1-0"]
[ECO "E60"]
[WhiteElo "2205"]
[BlackElo "2159"]
[Annotator "RC"]
[PlyCount "71"]
[EventDate "2024.03.26"]
[EventType "tourn"]
[EventCountry "USA"]
[SourceTitle "playchess.com"]
[Source "ChessBase"]
[SourceQuality "1"]
[TimeControl "5400+30"]

1. d4 d6 2. Nf3 g6 3. g3 Bg7 4. Bg2 Nf6 5. O-O O-O 6. c4 Nc6 7. h3 Bf5 8. g4 Be4 9. Nc3 Bxf3 10. exf3 e5 11. dxe5 Nxe5 12. Qe2 Re8 13. Be3 g5 14. b3 Ng6 15. Qd2 h6 16. Rad1 Re6 17. Ne2 Nd7 18. f4 gxf4 19. Nxf4 Nxf4 20. Bxf4 Nc5 21. Bd5 Rg6 22. Bg3 c6 23. Bg2 Bf8 24. b4 Ne6 25. Kh2 Ng7 26. Be4 Re6 27. Bb1 Qb6 28. Qd3 Rg6 29. Qc3 Re6 30. h4 Rae8 31. h5 d5 32. cxd5 cxd5 33. Rxd5 Bxb4 34. Qd3 f5 35. Rb5 Qa6 36. Rxb4 1-0

[Event "1000GM Spring IM-D 2024"]
[Site "New York"]
[Date "2024.03.29"]
[Round "4.4"]
[White "Jakovljevic, Vlado"]
[Black "Safranek, William"]
[Result "1/2-1/2"]
[ECO "D32"]
[WhiteElo "2356"]
[BlackElo "1950"]
[Annotator "RC"]
[PlyCount "80"]
[EventDate "2024.03.26"]
[EventType "tourn"]
[EventCountry "USA"]
[SourceTitle "playchess.com"]
[Source "ChessBase"]
[SourceQuality "1"]
[TimeControl "5400+30"]

1. Nf3 d5 2. d4 e6 3. c4 c5 4. cxd5 exd5 5. Nc3 Nf6 6. Bg5 Be6 7. e4 Be7 8. Bb5+ Nc6 9. e5 Nd7 10. Bxe7 Qxe7 11. O-O O-O 12. Re1 Rfd8 13. Bxc6 bxc6 14. h3 cxd4 15. Qxd4 Rab8 16. b3 Nf8 17. Na4 Bf5 18. Nc5 a5 19. Qc3 Rb5 20. Rac1 Nd7 21. Nxd7 Bxd7 22. Nd4 Rb4 23. Nxc6 Bxc6 24. Qxc6 d4 25. Qc5 Qxc5 26. Rxc5 a4 27. bxa4 Rxa4 28. Rd1 h5 29. Rd2 g6 30. Kf1 Kf8 31. Ke2 Ra3 32. Rc4 Ke7 33. Rcxd4 Rxd4 34. Rxd4 Rxa2+ 35. Rd2 Ra4 36. Kf3 Ke6 37. Re2 Kf5 38. g3 Ra3+ 39. Kg2 Ra5 40. Rc2 Kxe5 1/2-1/2

[Event "1000GM Spring IM-D 2024"]
[Site "New York"]
[Date "2024.03.29"]
[Round "4.5"]
[White "Shangin, Lev"]
[Black "Bonin, Jay"]
[Result "1/2-1/2"]
[ECO "D30"]
[WhiteElo "1994"]
[BlackElo "2154"]
[Annotator "RC"]
[PlyCount "50"]
[EventDate "2024.03.26"]
[EventType "tourn"]
[EventCountry "USA"]
[SourceTitle "playchess.com"]
[Source "ChessBase"]
[SourceQuality "1"]
[TimeControl "5400+30"]

1. d4 d5 2. c4 e6 3. Nf3 c6 4. Bg5 Be7 5. Bxe7 Qxe7 6. e3 Nd7 7. Nc3 Ngf6 8. Rc1 O-O 9. Be2 dxc4 10. Bxc4 e5 11. O-O e4 12. Nd2 Nb6 13. Qc2 Bf5 14. Be2 Rfe8 15. Nc4 Nxc4 16. Bxc4 g6 17. Ne2 Be6 18. Nf4 Bxc4 19. Qxc4 Rad8 20. Qc5 a6 21. Qxe7 Rxe7 22. Rc5 Red7 23. Re5 Re8 24. Rc5 Red8 25. Re5 Re8 1/2-1/2

[Event "1000GM Spring IM-D 2024"]
[Site "New York"]
[Date "2024.03.29"]
[Round "4.6"]
[White "Mou, Iris"]
[Black "Polyik, Peter"]
[Result "0-1"]
[ECO "B75"]
[WhiteElo "2216"]
[BlackElo "2295"]
[Annotator "RC"]
[PlyCount "60"]
[EventDate "2024.03.26"]
[EventType "tourn"]
[EventCountry "USA"]
[SourceTitle "playchess.com"]
[Source "ChessBase"]
[SourceQuality "1"]
[TimeControl "5400+30"]

1. e4 c5 2. Nf3 d6 3. d4 cxd4 4. Nxd4 Nf6 5. Nc3 g6 6. Be3 Bg7 7. f3 a6 8. Qd2 h5 9. Be2 Nbd7 10. h3 h4 11. Bg5 Nc5 12. O-O-O Bd7 13. Kb1 Rc8 14. Qe3 Qa5 15. f4 Na4 16. Nd5 Nxd5 17. exd5 O-O 18. Qb3 Rc3 19. Qxb7 Nc5 20. b4 Qa4 21. bxc5 Bf5 22. Qb2 Rxc2 23. Qxc2 Bxc2+ 24. Nxc2 Rb8+ 25. Kc1 Qxa2 26. Kd2 Qa5+ 27. Ke3 Qxc5+ 28. Kf3 Qxc2 29. Bxh4 Rb3+ 30. Kf2 Rb2 0-1

[Event "1000GM Spring IM-D 2024"]
[Site "New York"]
[Date "2024.03.29"]
[Round "4.7"]
[White "Rohde, Michael"]
[Black "Ho, Carter"]
[Result "0-1"]
[ECO "A09"]
[WhiteElo "2318"]
[BlackElo "2108"]
[Annotator "RC"]
[PlyCount "78"]
[EventDate "2024.03.26"]
[EventType "tourn"]
[EventCountry "USA"]
[SourceTitle "playchess.com"]
[Source "ChessBase"]
[SourceQuality "1"]
[TimeControl "5400+30"]

1. Nf3 d5 2. c4 d4 3. a3 c5 4. b4 Nc6 5. b5 Nb8 6. e3 Bg4 7. h3 Bh5 8. Bb2 Nd7 9. exd4 cxd4 10. g4 Bg6 11. Bxd4 f6 12. Nh4 Bf7 13. Nc3 e5 14. Be3 Nc5 15. d3 h5 16. Nf5 hxg4 17. Nxg7+ Bxg7 18. Bxc5 f5 19. Qc2 Qc7 20. Bb4 O-O-O 21. O-O-O Ne7 22. Bg2 gxh3 23. Bxh3 Kb8 24. Bg2 Ng6 25. Bd5 Nf4 26. Rxh8 Bxh8 27. b6 Qd7 28. bxa7+ Ka8 29. Bxf7 Qxf7 30. Nb5 Qd7 31. Bd6 Rc8 32. Kb1 Ne6 33. Re1 e4 34. dxe4 Nd4 35. Nxd4 Qxd6 36. Nb3 Qxa3 37. c5 fxe4 38. Rxe4 Rd8 39. Re1 Rd3 0-1

[Event "1000GM Spring IM-D 2024"]
[Site "New York"]
[Date "2024.03.29"]
[Round "4.8"]
[White "Urhegyi, Marton"]
[Black "Gaw, Chloe"]
[Result "1-0"]
[ECO "B62"]
[WhiteElo "2258"]
[BlackElo "2092"]
[Annotator "RC"]
[PlyCount "117"]
[EventDate "2024.03.26"]
[EventType "tourn"]
[EventCountry "USA"]
[SourceTitle "playchess.com"]
[Source "ChessBase"]
[SourceQuality "1"]
[TimeControl "5400+30"]

1. e4 c5 2. Nf3 d6 3. d4 cxd4 4. Nxd4 Nf6 5. Nc3 Nc6 6. Bg5 e6 7. Qd3 a6 8. Nxc6 bxc6 9. O-O-O Be7 10. Qg3 e5 11. f4 Nh5 12. Bxe7 Qxe7 13. Qd3 Bg4 14. Qxd6 Qxd6 15. Rxd6 Nxf4 16. Rxc6 a5 17. Rc5 f6 18. Bc4 Rc8 19. Rxc8+ Bxc8 20. g3 Ne6 21. Rd1 Nd4 22. Nb5 Bg4 23. Rd3 Nxb5 24. Bxb5+ Ke7 25. Ra3 Rd8 26. Bd3 f5 27. Rxa5 Kf6 28. Ra6+ Kf7 29. Ra4 g6 30. Kd2 h5 31. Ke3 h4 32. Ra7+ Kf6 33. Ra6+ Kg7 34. Ra7+ Kf6 35. Rh7 hxg3 36. hxg3 Rf8 37. exf5 gxf5 38. Be2 f4+ 39. gxf4 exf4+ 40. Kf2 Bf5 41. Rc7 Rh8 42. Kf3 Kg5 43. Rc5 Rh3+ 44. Kg2 Rg3+ 45. Kf2 Kf6 46. Bf3 Rh3 47. Bg2 Rh2 48. Kg1 Rh8 49. a4 Rd8 50. Bf3 Rd4 51. b3 Rd7 52. a5 Rg7+ 53. Kf2 Ra7 54. b4 Bd7 55. c4 Ke7 56. Be4 Bg4 57. Rg5 Be6 58. Rg7+ Bf7 59. Bd5 1-0

[Event "1000GM Spring IM-D 2024"]
[Site "New York"]
[Date "2024.03.29"]
[Round "4.9"]
[White "Ho, Cooper"]
[Black "Zaderman, Vitaly"]
[Result "1-0"]
[ECO "B43"]
[WhiteElo "2004"]
[BlackElo "2177"]
[Annotator "RC"]
[PlyCount "87"]
[EventDate "2024.03.26"]
[EventType "tourn"]
[EventCountry "USA"]
[SourceTitle "playchess.com"]
[Source "ChessBase"]
[SourceQuality "1"]
[TimeControl "5400+30"]

1. e4 c5 2. Nf3 e6 3. d4 cxd4 4. Nxd4 a6 5. Nc3 Qc7 6. Qf3 Nf6 7. Qg3 d6 8. Bd3 Nc6 9. Nxc6 bxc6 10. O-O g6 11. f4 Bg7 12. f5 e5 13. Qh4 O-O 14. Bg5 Qe7 15. Rf3 h6 16. Bxh6 Bxh6 17. Qxh6 Ng4 18. Qd2 Kg7 19. h3 Qa7+ 20. Kh1 Rh8 21. Raf1 f6 22. Rg3 Rh4 23. Qe2 g5 24. Rxg4 Rxg4 25. Qxg4 Bd7 26. Qe2 Rh8 27. Rf3 a5 28. Bc4 Rh4 29. Bb3 d5 30. exd5 a4 31. Bc4 Qd4 32. b3 e4 33. Rg3 a3 34. Qe3 c5 35. Qxd4 cxd4 36. Ne2 Bxf5 37. Nxd4 Bd7 38. Nb5 g4 39. Nxa3 f5 40. Be2 f4 41. Rxg4+ Bxg4 42. Bxg4 Rh6 43. Nc4 Kf6 44. Kg1 1-0

[Event "1000GM Spring IM-D 2024"]
[Site "New York"]
[Date "2024.03.30"]
[Round "5.1"]
[White "Safranek, William"]
[Black "Fedorowicz, John"]
[Result "1-0"]
[ECO "B23"]
[WhiteElo "1950"]
[BlackElo "2372"]
[Annotator "RC"]
[PlyCount "49"]
[EventDate "2024.03.26"]
[EventType "tourn"]
[EventCountry "USA"]
[SourceTitle "playchess.com"]
[Source "ChessBase"]
[SourceQuality "1"]
[TimeControl "5400+30"]

1. e4 c5 2. Nc3 e6 3. d4 cxd4 4. Qxd4 Nc6 5. Qd3 a6 6. Qg3 b5 7. Bg5 f6 8. Bf4 d6 9. O-O-O Ne5 10. Be3 Qa5 11. f4 b4 12. Nb1 Nf7 13. Bc4 f5 14. exf5 Qxf5 15. Nf3 Ngh6 16. Nd4 Qg4 17. Qe1 Be7 18. h3 Qxg2 19. Nxe6 Bb7 20. Rg1 Qc6 21. Bd5 Qc8 22. Nxg7+ Kf8 23. Ne6+ Ke8 24. Bb3 a5 25. Bb6 1-0

[Event "1000GM Spring IM-D 2024"]
[Site "New York"]
[Date "2024.03.29"]
[Round "5.2"]
[White "Polyik, Peter"]
[Black "Yoo, Eugene"]
[Result "1/2-1/2"]
[ECO "B33"]
[WhiteElo "2295"]
[BlackElo "2205"]
[Annotator "RC"]
[PlyCount "30"]
[EventDate "2024.03.26"]
[EventType "tourn"]
[EventCountry "USA"]
[SourceTitle "playchess.com"]
[Source "ChessBase"]
[SourceQuality "1"]
[TimeControl "5400+30"]

1. e4 c5 2. Nf3 Nc6 3. d4 cxd4 4. Nxd4 Nf6 5. Nc3 e5 6. Ndb5 d6 7. Bg5 a6 8. Na3 b5 9. Nd5 Qa5+ 10. Bd2 Qd8 11. Bg5 Qa5+ 12. Bd2 Qd8 13. Bg5 Qa5+ 14. Bd2 Qd8 15. Bg5 Qa5+ 1/2-1/2

[Event "1000GM Spring IM-D 2024"]
[Site "New York"]
[Date "2024.03.30"]
[Round "5.3"]
[White "Ho, Carter"]
[Black "Lapshun, Yury"]
[Result "0-1"]
[ECO "C55"]
[WhiteElo "2108"]
[BlackElo "2332"]
[Annotator "RC"]
[PlyCount "96"]
[EventDate "2024.03.26"]
[EventType "tourn"]
[EventCountry "USA"]
[SourceTitle "playchess.com"]
[Source "ChessBase"]
[SourceQuality "1"]
[TimeControl "5400+30"]

1. e4 e5 2. Nf3 Nc6 3. Bc4 Nf6 4. d3 Be7 5. O-O O-O 6. Re1 d6 7. a4 h6 8. Nbd2 Be6 9. c3 Qd7 10. b4 a6 11. Qc2 b5 12. Bb3 Rfd8 13. d4 exd4 14. Nxd4 Nxd4 15. cxd4 Bxb3 16. Qxb3 a5 17. axb5 axb4 18. Rxa8 Rxa8 19. Qxb4 Rb8 20. Qa4 Qxb5 21. Qc2 c6 22. e5 dxe5 23. dxe5 Nd5 24. e6 Rf8 25. Nf3 Nb4 26. Qe4 f5 27. Qe2 Qxe2 28. Rxe2 Nd3 29. Rc2 Rb8 30. Nd2 Nxc1 31. Rxc1 Bg5 32. Rb1 Rxb1+ 33. Nxb1 Kf8 34. Kf1 Ke7 35. Ke2 Kxe6 36. Kd3 Bd8 37. Nc3 Bb6 38. f3 Bg1 39. h3 Bf2 40. Ne2 Ke5 41. g4 g6 42. gxf5 Kxf5 43. f4 h5 44. h4 Bxh4 45. Ke3 Kg4 46. Nd4 c5 47. Nf3 Bf6 48. Ke4 h4 0-1

[Event "1000GM Spring IM-D 2024"]
[Site "New York"]
[Date "2024.03.30"]
[Round "5.4"]
[White "Cherukuri, Nitesh"]
[Black "Jakovljevic, Vlado"]
[Result "1/2-1/2"]
[ECO "B81"]
[WhiteElo "2000"]
[BlackElo "2356"]
[Annotator "RC"]
[PlyCount "112"]
[EventDate "2024.03.26"]
[EventType "tourn"]
[EventCountry "USA"]
[SourceTitle "playchess.com"]
[Source "ChessBase"]
[SourceQuality "1"]
[TimeControl "5400+30"]

1. e4 c5 2. Nf3 e6 3. d4 cxd4 4. Nxd4 Nf6 5. Nc3 d6 6. g4 h6 7. Rg1 Nc6 8. Be3 Be7 9. h4 d5 10. exd5 Nxd5 11. Nxd5 Qxd5 12. g5 hxg5 13. hxg5 Bd7 14. Bg2 Qa5+ 15. c3 Nxd4 16. Qxd4 e5 17. Qd5 Qxd5 18. Bxd5 Bc6 19. O-O-O a6 20. Bxc6+ bxc6 21. Rg4 Rh5 22. Re4 f6 23. gxf6 gxf6 24. Rc4 Rc8 25. Ra4 Ra8 26. Rc4 Rc8 27. a4 Rh7 28. b4 Bf8 29. b5 axb5 30. axb5 Rb7 31. bxc6 Rbc7 32. Bb6 Rxc6 33. Rd8+ Rxd8 34. Rxc6 Rd6 35. Rc8+ Kd7 36. Rxf8 Rxb6 37. Kc2 Ke6 38. c4 Rb4 39. Rc8 Kd7 40. Rc5 Kd6 41. Rd5+ Kc6 42. Kc3 Rb1 43. Rd2 Rf1 44. Kb4 Rb1+ 45. Kc3 Rc1+ 46. Kb4 e4 47. Rd4 f5 48. Rd2 Re1 49. Kc3 f4 50. Kd4 f3 51. Ra2 Re2 52. Ra6+ Kd7 53. Rf6 Rxf2 54. Kxe4 Rc2 55. Kd5 Rd2+ 56. Ke4 Rc2 1/2-1/2

[Event "1000GM Spring IM-D 2024"]
[Site "New York"]
[Date "2024.03.30"]
[Round "5.5"]
[White "Rohde, Michael"]
[Black "Shangin, Lev"]
[Result "1-0"]
[ECO "D27"]
[WhiteElo "2318"]
[BlackElo "1994"]
[Annotator "RC"]
[PlyCount "79"]
[EventDate "2024.03.26"]
[EventType "tourn"]
[EventCountry "USA"]
[SourceTitle "playchess.com"]
[Source "ChessBase"]
[SourceQuality "1"]
[TimeControl "5400+30"]

1. Nf3 Nf6 2. c4 e6 3. Nc3 d5 4. d4 dxc4 5. e3 a6 6. a4 c5 7. Bxc4 Nc6 8. O-O Be7 9. d5 exd5 10. Nxd5 O-O 11. Nxe7+ Qxe7 12. b3 Ne5 13. Nxe5 Qxe5 14. Ra2 Ng4 15. f4 Qe7 16. e4 Qxe4 17. Re2 Qd4+ 18. Qxd4 cxd4 19. Rd1 Ne3 20. Bxe3 dxe3 21. Rxe3 Bg4 22. Rde1 Rad8 23. Re7 Bd7 24. Rd1 b5 25. axb5 axb5 26. Rexd7 Rxd7 27. Rxd7 bxc4 28. bxc4 f6 29. Rc7 Ra8 30. Kf2 Ra2+ 31. Kf3 f5 32. c5 h6 33. c6 Kh7 34. Rd7 Rc2 35. c7 Kg6 36. Ke3 Kf6 37. Kd3 Rc1 38. Kd4 g5 39. Kd5 gxf4 40. Rd6+ 1-0

[Event "1000GM Spring IM-D 2024"]
[Site "New York"]
[Date "2024.03.30"]
[Round "5.6"]
[White "Espinosa, Pedro"]
[Black "Urhegyi, Marton"]
[Result "1-0"]
[ECO "D13"]
[WhiteElo "2229"]
[BlackElo "2258"]
[Annotator "RC"]
[PlyCount "161"]
[EventDate "2024.03.26"]
[EventType "tourn"]
[EventCountry "USA"]
[SourceTitle "playchess.com"]
[Source "ChessBase"]
[SourceQuality "1"]
[TimeControl "5400+30"]

1. d4 d5 2. c4 c6 3. cxd5 cxd5 4. Bf4 Nc6 5. e3 Nf6 6. Nc3 a6 7. Be2 Bf5 8. Nf3 e6 9. Qb3 Bd6 10. Bxd6 Qxd6 11. Qxb7 O-O 12. Qb3 Rfc8 13. O-O Rab8 14. Qd1 Rxb2 15. Bxa6 Rcb8 16. a4 Qb4 17. Rc1 Na5 18. Ne5 Rb3 19. Qe1 Rb2 20. Bd3 Nb3 21. Bxf5 Nxc1 22. Qxc1 Qb3 23. Nd1 Ra2 24. Bd3 Ng4 25. Nc6 Ra8 26. Nc3 Ra3 27. Nb1 Ra1 28. Bb5 Ra2 29. Qc3 Qxc3 30. Nxc3 Rc2 31. Ne2 Nf6 32. Rc1 Rb2 33. f3 Ne8 34. Ne7+ Kf8 35. Nc8 g5 36. Kf2 h6 37. Kg3 Nf6 38. Rc7 Kg8 39. Nd6 Rf8 40. a5 Rb8 41. a6 Ra2 42. a7 Rb6 43. Rc8+ Kg7 44. a8=Q Rxa8 45. Rxa8 Rxd6 46. Ra6 Rd8 47. Bd3 Rb8 48. Ra3 Rb2 49. Kf2 Nh5 50. Rc3 Nf6 51. Rc2 Rb3 52. Rd2 Ra3 53. g4 h5 54. gxh5 Nxh5 55. f4 gxf4 56. Nxf4 Nf6 57. Kf3 Ra1 58. Rg2+ Kf8 59. Rb2 Rh1 60. Rg2 Ra1 61. h3 Rh1 62. Kg3 Re1 63. Kf2 Rd1 64. Ke2 Rh1 65. Rf2 Kg7 66. Rf1 Rh2+ 67. Kf3 Rd2 68. Bb1 Nd7 69. Rg1+ Kf8 70. Nd3 Nf6 71. Ne5 Rh2 72. Kg3 Re2 73. Kf3 Rh2 74. Ng4 Nxg4 75. hxg4 Kg7 76. Bd3 Rd2 77. Be2 f6 78. Rd1 Ra2 79. Rb1 Ra7 80. Rb6 Kf7 81. Ba6 1-0

[Event "1000GM Spring IM-D 2024"]
[Site "New York"]
[Date "2024.03.30"]
[Round "5.7"]
[White "Bonin, Jay"]
[Black "Ho, Cooper"]
[Result "0-1"]
[ECO "D06"]
[WhiteElo "2154"]
[BlackElo "2004"]
[Annotator "RC"]
[PlyCount "116"]
[EventDate "2024.03.26"]
[EventType "tourn"]
[EventCountry "USA"]
[SourceTitle "playchess.com"]
[Source "ChessBase"]
[SourceQuality "1"]
[TimeControl "5400+30"]

1. d4 d5 2. Nf3 Bf5 3. c4 e6 4. Nc3 Nf6 5. Bg5 c6 6. Qb3 Qb6 7. Bxf6 gxf6 8. c5 Qxb3 9. axb3 Nd7 10. b4 Bg7 11. b5 Ke7 12. b4 Bg4 13. Nd2 e5 14. e3 f5 15. Nb3 Rhb8 16. Kd2 Kd8 17. bxc6 bxc6 18. b5 cxb5 19. Bxb5 a6 20. Ba4 f4 21. Ra3 fxe3+ 22. fxe3 Bh6 23. Kd3 exd4 24. exd4 Nf6 25. Rf1 Bg5 26. Bc6 Ra7 27. Nxd5 Nxd5 28. Bxd5 Re7 29. Bf3 Bf5+ 30. Kc4 Re3 31. Rfa1 Bd3+ 32. Kd5 Kc7 33. Rxa6 Bxa6 34. Rxa6 Rexb3 35. Rc6+ Kd7 36. Bg4+ Ke7 37. Rc7+ Kf6 38. Bh5 R3b7 39. Rc6+ Ke7 40. Ke4 Rd8 41. Ra6 Rbd7 42. c6 Rxd4+ 43. Kf3 Rf4+ 44. Ke2 Kd6 45. Bf3 Rc8 46. Ra5 Re8+ 47. Kf2 Bd8 48. Rd5+ Ke6 49. Rd7 Bb6+ 50. Kg3 Rxf3+ 51. Kxf3 Rc8 52. Rb7 Rxc6 53. g4 Bc7 54. h4 Be5 55. g5 Rc4 56. Rb6+ Bd6 57. h5 Rf4+ 58. Ke3 Rf5 0-1